Map: Nightshade LE

Players

GrumpyKitten - Winner!

  • Race: Protoss Protoss
  • League: Platinum
  • Spawn Location: 5:00

llllllllllll

  • Race: Protoss Protoss
  • League: Platinum
  • Spawn Location: 11:00

VOD

Have the link to the VOD?

Description

Time

  • Played on: Nov. 30, 2019, 2:58 a.m.
  • Length: 16:54
Show
View Real Time Build Order
Export as new Build Order

GrumpyKitten Protoss - Winner!

Build Orders: Oracle Opening 

Get SALT Encoding   

  12  0:01  Probe  
  13  0:13  Probe  
  14  0:17  Pylon  
  14  0:25  Probe  
  15  0:37  Probe (Chrono Boost)  
  15  0:38  Gateway  
  16  0:48  Probe (Chrono Boost), Assimilator  
  17  0:53  Probe (Chrono Boost)  
  18  0:57  Assimilator  
  18  1:04  Probe  
  19  1:14  Gateway  
  19  1:16  Probe  
  20  1:27  Cybernetics Core  
  20  1:30  Probe  
  21  1:42  Pylon, Probe  
  22  1:54  Probe  
  23  2:02  Stalker x2 (Chrono Boost)  
  23  2:05  Warp Gate  
  27  2:26  Stargate  
  27  2:30  Pylon  
  27  2:55  Nexus  
  26  3:07  Oracle (Chrono Boost)  
  26  3:12  Stalker  
  31  3:18  Stalker  
  33  3:32  Robotics Facility  
  31  3:51  Gateway  
  31  3:54  Gateway  
  31  4:02  Probe  
  32  4:20  Phoenix  
  32  4:22  Probe (Chrono Boost)  
  32  4:23  Probe (Chrono Boost)  
  33  4:28  Observer  
  34  4:33  Probe x2 (Chrono Boost)  
  34  4:38  Probe x2 (Chrono Boost)  
  36  4:44  Phoenix  
  36  4:45  Pylon  
  40  4:48  Probe  
  40  4:49  Probe  
  42  4:59  Stalker  
  44  5:01  Probe x2  
  44  5:04  Stalker  
  45  5:12  Stalker  
  42  5:17  Stalker  
  44  5:24  Stalker  
  46  5:32  Stalker  
  46  5:48  Stalker  
  46  5:49  Stalker  
  40  5:58  Probe x2  
  42  6:10  Probe x2  
  44  6:15  Immortal (Chrono Boost)  
  48  6:22  Probe  
  48  6:23  Probe  
  50  6:27  Pylon  
  50  6:41  Pylon, Stalker  
  50  6:42  Stalker  
  54  6:48  Probe  
  54  6:49  Probe  
  56  6:58  Twilight Council  
  56  7:00  Probe  
  56  7:01  Probe  
  58  7:02  Assimilator  
  58  7:04  Assimilator  
  58  7:09  Phoenix (Chrono Boost)  
  60  7:18  Stalker  
  60  7:19  Stalker  
  64  7:23  Probe  
  64  7:26  Probe  
  66  7:31  Phoenix  
  66  7:35  Probe  
  69  7:38  Probe  
  70  7:53  Templar Archives  
  66  8:03  Stalker x3  
  70  8:23  Charge (Chrono Boost)  
  70  8:25  Nexus  
  70  8:26  Pylon x2  
  70  8:32  Pylon  
  70  8:36  Shield Battery  
  70  8:38  Shield Battery  
  70  8:44  Probe x2  
  72  8:57  High Templar  
  72  8:58  High Templar  
  72  9:00  Zealot x2  
  72  9:02  Archon  
  80  9:20  Observer  
  80  9:27  Probe x2, Gateway  
  80  9:28  Gateway  
  80  9:30  Gateway  
  82  9:31  Gateway  
  82  9:32  Gateway, High Templar x2  
  82  9:36  Pylon  
  82  9:38  Archon  
  86  9:39  Pylon  
  86  9:41  Pylon  
  86  9:47  High Templar x2  
  86  9:51  Archon  
  90  9:55  Probe x3  
  93  10:05  Stalker x2  
  91  10:20  High Templar x2  
  95  10:23  Zealot  
  95  10:24  Archon  
  95  10:26  Warp Prism (Chrono Boost)  
  97  10:33  Probe x3  
  102  10:37  Assimilator  
  102  10:40  Assimilator  
  102  10:41  Zealot  
  102  10:42  Zealot x5  
  114  10:43  Pylon  
  114  10:45  Probe x2  
  114  10:46  Pylon  
  116  10:53  Zealot x3  
  106  11:03  Zealot x4  
  98  11:15  High Templar x2  
  98  11:16  High Templar x2  
  106  11:19  Archon  
  106  11:20  Archon  
  106  11:29  Probe x3  
  109  11:40  Pylon  
  109  11:41  Probe x3  
  109  11:44  High Templar x2  
  109  11:46  Zealot x3  
  122  11:48  Archon  
  122  12:00  Zealot x4  
  129  12:11  Zealot x3  
  97  12:28  Stalker x4  
  97  12:29  Stalker x2, Immortal (Chrono Boost)  
  105  12:38  Robotics Facility  
  101  12:46  High Templar  
  101  12:47  High Templar x2  
  101  12:51  High Templar  
  109  12:52  Archon  
  109  13:02  Archon  
  109  13:03  High Templar x2  
  109  13:04  Zealot x3  
  119  13:07  Archon  
  119  13:10  Nexus  
  119  13:12  Pylon  
  119  13:16  Pylon  
  119  13:19  Assimilator, Forge  
  119  13:22  Immortal (Chrono Boost)  
  119  13:23  Forge  
  119  13:24  Assimilator  
  119  13:26  Immortal (Chrono Boost)  
  127  13:32  High Templar  
  127  13:33  High Templar  
  131  13:37  Archon  
  131  13:45  Pylon  
  131  13:46  Pylon, Zealot x3  
  131  13:48  Protoss Ground Weapons Level 1 (Chrono Boost)  
  137  13:52  Immortal (Chrono Boost)  
  143  14:03  Warp Prism (Chrono Boost)  
  143  14:06  Protoss Shields Level 1 (Chrono Boost)  
  143  14:20  Probe  
  143  14:21  Probe x2  
  143  14:22  Probe  
  143  14:24  High Templar x2  
  149  14:25  Zealot x4  
  149  14:28  Archon  
  159  14:32  Probe  
  159  14:33  Probe x2, Immortal  
  159  14:34  Probe  
  165  14:45  Zealot x2  
  147  14:46  Zealot x3  
  147  14:52  Immortal  
  141  14:59  Zealot x2  
  135  15:00  Zealot  
  131  15:16  High Templar  
  131  15:17  High Templar x3  
  131  15:18  High Templar x2  
  131  15:20  Archon  
  143  15:21  Archon  
  143  15:22  Archon  
  141  15:36  Zealot  
  141  15:37  Zealot x2  
  147  15:45  Observer x2  
  149  15:56  High Templar  
  149  15:57  High Templar  
  149  15:58  Stalker x3  
  149  16:03  Archon  
  143  16:06  Stalker  
  143  16:07  Stalker  
  139  16:14  Stalker x2  
  133  16:30  Stalker  
  133  16:31  Stalker x3  
  133  16:32  Stalker  
Show
View Real Time Build Order
Export as new Build Order

llllllllllll Protoss 

Build Orders: Phoenix Opening 

Get SALT Encoding   

  12  0:01  Probe  
  13  0:13  Probe  
  14  0:18  Pylon  
  14  0:25  Probe (Chrono Boost)  
  15  0:38  Probe (Chrono Boost)  
  15  0:39  Gateway  
  16  0:43  Probe (Chrono Boost)  
  16  0:47  Assimilator  
  17  0:52  Assimilator  
  17  0:55  Probe (Chrono Boost)  
  18  1:07  Probe (Chrono Boost)  
  19  1:14  Probe (Chrono Boost)  
  20  1:21  Probe  
  21  1:27  Cybernetics Core  
  21  1:32  Gateway  
  21  1:35  Probe  
  22  1:47  Probe  
  22  1:48  Pylon  
  23  2:06  Probe  
  24  2:09  Warp Gate  
  24  2:19  Stalker x2  
  24  2:21  Pylon  
  28  2:42  Pylon  
  28  2:49  Stalker (Chrono Boost)  
  30  2:54  Stargate  
  30  2:59  Stalker (Chrono Boost)  
  32  3:12  Nexus  
  32  3:19  Probe (Chrono Boost)  
  33  3:30  Probe (Chrono Boost)  
  34  3:34  Probe (Chrono Boost)  
  35  3:46  Probe  
  36  3:49  Phoenix  
  38  4:06  Probe  
  31  4:20  Phoenix (Chrono Boost)  
  31  4:22  Stalker x2  
  31  4:24  Probe (Chrono Boost)  
  38  4:28  Probe (Chrono Boost)  
  38  4:35  Probe (Chrono Boost)  
  40  4:39  Probe (Chrono Boost)  
  40  4:42  Phoenix (Chrono Boost)  
  42  4:45  Probe  
  42  4:48  Probe  
  42  4:50  Stalker  
  46  5:07  Probe  
  46  5:08  Probe  
  46  5:11  Pylon  
  48  5:15  Twilight Council  
  48  5:21  Phoenix (Chrono Boost)  
  50  5:29  Probe  
  50  5:30  Probe  
  50  5:33  Pylon  
  52  5:42  Probe x2  
  38  5:57  Stalker x2  
  38  5:58  Probe x2  
  38  6:02  Shield Battery  
  38  6:03  Phoenix (Chrono Boost)  
  44  6:06  Charge (Chrono Boost)  
  44  6:10  Probe x2  
  48  6:19  Phoenix  
  48  6:22  Probe x2  
  52  6:29  Shield Battery  
  52  6:34  Probe x2  
  54  6:43  Assimilator  
  54  6:44  Zealot, Phoenix (Chrono Boost)  
  54  6:45  Zealot, Assimilator  
  60  6:48  Probe x2  
  62  7:01  Gateway  
  62  7:04  Pylon, Phoenix (Chrono Boost)  
  62  7:05  Probe x2  
  66  7:17  Probe x2  
  66  7:18  Zealot  
  70  7:29  Nexus  
  70  7:33  Phoenix (Chrono Boost)  
  72  7:38  Zealot  
  72  7:39  Zealot  
  76  7:45  Probe x2  
  76  7:47  Pylon  
  78  8:07  Zealot x3  
  78  8:12  Gateway x2  
  84  8:15  Robotics Facility  
  84  8:34  Templar Archives  
  84  8:35  Probe x2  
  84  8:38  Pylon  
  86  8:41  Probe  
  86  8:46  Forge  
  86  8:47  Zealot x3, Probe x2  
  95  8:54  Probe  
  96  8:59  Probe  
  96  9:00  Probe  
  96  9:02  Warp Prism (Chrono Boost)  
  100  9:07  Probe  
  101  9:11  Pylon, Probe  
  101  9:12  High Templar  
  101  9:13  High Templar x2  
  108  9:19  Archon, Protoss Ground Weapons Level 1  
  108  9:23  Probe  
  109  9:25  Photon Cannon  
  109  9:28  Assimilator  
  109  9:29  Probe  
  109  9:31  Assimilator  
  110  9:36  Pylon x2  
  110  9:45  High Templar  
  110  9:46  High Templar x2  
  110  9:52  Archon  
  116  9:53  Archon  
  116  9:59  Observer (Chrono Boost)  
  109  10:20  Zealot x3, High Templar  
  109  10:21  High Templar  
  115  10:26  Forge  
  115  10:27  Archon  
  115  10:30  Immortal (Chrono Boost)  
  119  10:36  Robotics Facility  
  119  10:39  Forge  
  119  10:44  Gateway x2  
  119  10:45  High Templar x2  
  119  10:46  Zealot  
  119  10:47  Gateway  
  119  10:49  Archon  
  125  10:51  Gateway  
  125  10:56  Zealot x2  
  85  11:12  Zealot x2  
  85  11:13  Zealot  
  85  11:18  Shield Battery  
  91  11:20  Shield Battery  
  91  11:22  Shield Battery x2  
  91  11:23  Immortal (Chrono Boost)  
  91  11:24  Shield Battery  
  95  11:26  Zealot x2  
  95  11:30  Protoss Ground Armor Level 1 (Chrono Boost), Immortal (Chrono Boost)  
  103  11:37  Zealot  
  103  11:38  Zealot x2  
  109  11:47  High Templar x2  
  109  11:48  Zealot x2  
  109  11:49  Zealot x2  
  121  11:54  Protoss Ground Weapons Level 2 (Chrono Boost)  
  121  12:00  Archon  
  121  12:01  Zealot x3  
  127  12:13  Zealot x3  
  99  12:25  Zealot x2  
  99  12:26  Zealot x4  
  103  12:35  Zealot x3  
  109  12:40  Pylon  
  109  12:44  Warp Prism (Chrono Boost)  
  109  12:48  Zealot  
  109  12:49  Zealot x5  
  122  12:56  Fleet Beacon  
  122  13:03  High Templar x3  
  128  13:09  Observer (Chrono Boost)  
  129  13:21  Zealot x2, Protoss Ground Armor Level 2 (Chrono Boost)  
  133  13:28  Nexus  
  133  13:29  Pylon  
  133  13:31  Pylon x2  
  133  13:34  Pylon  
  133  13:43  Pylon  
  133  13:45  Pylon  
  133  13:47  Stargate, Carrier, High Templar  
  141  13:50  High Templar  
  141  13:51  High Templar x3  
  149  14:02  Archon x2, Gateway  
  149  14:06  Zealot x3  
  155  14:15  Probe x3  
  158  14:24  Photon Cannon  
  158  14:27  Probe  
  155  14:41  Zealot x6  
  155  14:43  Archon x2  
  131  14:45  Zealot  
  131  14:47  Zealot  
  87  15:10  Zealot x5  
  87  15:11  Zealot x3  
  95  15:14  Zealot  
  97  15:23  Carrier (Chrono Boost)  
  102  15:32  Zealot x3  
  102  15:33  Zealot  
  104  15:44  High Templar x2  
  104  15:45  High Templar x4  
  104  15:48  Archon  
  104  15:49  Archon x2  
  90  16:10  Zealot x4  
  76  16:24  Zealot x5  
  76  16:25  Zealot  
  76  16:39  Zealot x3  
  50  16:48  Zealot  
  50  16:49  Sentry  
Tags
 
Add a new tag
Caveats
  • Supply blocks, unpowered buildings, or Contaminate may cause inaccurate times.
  • Supply counts are checked every 10 seconds.